 Dungeon Crawl Stone Soup version 0.29.1-15-g9cfb28693d (webtiles) character file.

Game seed: 18079419796719473705

37 Gladio the Trooper (level 3, -5/29 HPs)
             Began as a Demonspawn Abyssal Knight on Oct 30, 2023.
             Was a Believer of Lugonu.
             Killed by divine providence
             ... invoked by an orc priest
              (10 damage)
             ... on level 2 of the Dungeon.
             The game lasted 00:02:21 (1574 turns).

Gladio the Trooper (Demonspawn Abyssal Knight)      Turns: 1574, Time: 00:02:22

Health: -5/29      AC:  9    Str: 15    XL:     3   Next: 23%
Magic:  5/5        EV:  6    Int: 17    God:    Lugonu [**....]
Gold:   64         SH:  4    Dex: 13    Spells: 2/2 levels left

rFire   . . .      SeeInvis .   a - +1 spear
rCold   . . .      Faith    .   (no shield)
rNeg    . . .      Spirit   .   i - +0 chain mail
rPois   .          Reflect  .   (no helmet)
rElec   .          Harm     .   (no cloak)
rCorr   .          Rampage  .   l - +0 pair of gloves
Will    .....                   (no boots)
Stlth   ..........              (no amulet)
HPRegen 0.09/turn               h - +6 ring of intelligence
MPRegen 0.09/turn               (no ring)

@: mighty
A: large bone plates 1
a: Renounce Religion, Depart the Abyss, Bend Space


You were on level 2 of the Dungeon.
You worshipped Lugonu.
Lugonu was pleased with you.
You visited 1 branch of the dungeon, and saw 2 of its levels.
You visited the Abyss 1 time.

You collected 64 gold pieces.

Inventory:

Hand Weapons
 a - a +1 spear (weapon)
Missiles
 c - 11 poisoned darts
Armour
 b - a +0 leather armour
 e - a +0 ring mail
 i - a +0 chain mail (worn)
 l - a +0 pair of gloves (worn)
Jewellery
 h - a +6 ring of intelligence (left hand)
 k - an amulet of magic regeneration
Scrolls
 g - a scroll of teleportation {unknown}
 j - a scroll of butterflies {unknown}
 m - a scroll of poison {unknown}
Potions
 f - a potion of brilliance {unknown}
 n - a potion of lignification {unknown}


   Skills:
 + Level 3.3 Fighting
 * Level 2.7 Polearms
 - Level 1.7 Armour
 - Level 0.8 Dodging
 + Level 3.1 Invocations


You had 2 spell levels left.
You didn't know any spells.
Your spell library was empty.

Dungeon Overview and Level Annotations

Branches:
Dungeon (2/15)

Altars:


Innate Abilities, Weirdness & Mutations

You are partially covered in large bone plates. (SH +4)


Message History

The orc hits you but does no damage.
An orc priest comes into view. It is wielding a +0 dagger.
The rat barely misses you.
An orc comes into view. It is wielding a +0 hand axe.
It was a potion of might.
You feel very mighty all of a sudden.
The orc priest shouts!
The bat hits you. The bat hits you but does no damage.
You block the orc's attack. The rat bites you but does no damage.
You hit the orc.
The orc is heavily wounded.
You block the bat's attack. The bat hits you but does no damage.
The orc hits you but does no damage. The rat bites you.
You closely miss the orc.
The orc is heavily wounded.
You block the bat's attack. The orc closely misses you.
The rat bites you but does no damage.
The orc priest calls down the wrath of Beogh upon you.
Beogh smites you!
Unknown command.
You barely miss the rat. You puncture the rat!
You kill the rat!
Lugonu accepts your kill. You block the orc's attack.
The orc priest calls upon Beogh to heal the orc.
The orc's wounds heal themselves!
The orc priest invokes the aid of Beogh against you.
Pain shoots through your body!
* * * LOW HITPOINT WARNING * * *
You see here a rat corpse.
Reach: a) +1 spear
Press: ? - help, Dir - move target, f - orc priest
Aim: an orc priest, wielding a +0 dagger (about 37% to evade your +1 spear)
You reach to attack!
You hit the orc priest.
The orc priest is lightly wounded.
You block the orc's attack.
The orc priest calls down the wrath of Beogh upon you.
Beogh smites you!
You die...

##...#......#..# ....
.<..)##....##..####.....
####..#....#..#.........
##...)...........#..
##[.................
###..............#...
....................#
.....###....#.....#.
.......# #....##@#...r.
.......# #....##o# .##.
.......# ######oo#
....... .bo.. ..###.#.
..# #.#.# . ... . #.. ..
#.. ..


You could see 2 orc priests, 2 orcs and a bat.

Vanquished Creatures
  An adder (D:1)
  A dart slug (D:1)
  An orc (D:2)
  2 endoplasms (D:1)
  2 goblins
  3 hobgoblins
  4 kobolds
  A quokka (D:1)
  2 ball pythons (D:1)
  2 bats (D:1)
  5 rats
24 creatures vanquished.

Vanquished Creatures (others)
  4 fungi (D:2)
4 creatures vanquished.

Grand Total: 28 creatures vanquished

Notes
Turn   | Place    | Note
-------+----------+-------------------------------------------
     0 | Abyss:1  | Gladio the Demonspawn Abyssal Knight began the quest for
                  | the Orb.
     0 | Abyss:1  | Reached XP level 1. HP: 18/18 MP: 2/2
     1 | D:1      | Escaped the Abyss
    58 | D:1      | Found a faded altar of an unknown god.
   702 | D:1      | Gained mutation: You are partially covered in large bone
                  | plates. (SH +4) [demonic ancestry]
   702 | D:1      | Reached XP level 2. HP: 24/24 MP: 4/4
  1357 | D:1      | Reached XP level 3. HP: 12/29 MP: 5/5
  1574 | D:2      | Killed from afar by an orc priest

Illustrated notes

Levels and vault maps discovered:
D:1:      nicolae_arrival_somewhat_less_tricky_arrival, layout_basic,
          ebering_ecumenical_altar_sacrificial
D:2:      layout_basic, minmay_misc_feat_doors, kennysheep_crisscross,
          minmay_misc_feat_iff, uniq_crazy_yiuf_cottage

Skill      XL: |  1  2 |
---------------+-------+-----
Polearms       | 2 |  2.7
Invocations    | 3 |  3.1
Fighting       | |  3.3
Armour         | |  1.7
Dodging        | |  0.8

Action                   || total
-------------------------++-------
Melee: Spear             ||    75
  Use: Potion            ||     1
Armor: Ring mail         ||     6
       Chain mail        ||    32
Dodge: Dodged            ||    18
Block: Other             ||    15
